 Dungeon Crawl Stone Soup version 0.30-a0-972-gf3ab3527aa (webtiles) character file.

Game seed: 13391823437915235837

521 Hubris850 the Insei (level 7, 0/52 HPs)
             Began as a Merfolk Gladiator on Mar 31, 2023.
             Killed by divine providence
             ... invoked by an orc priest
              (14 damage)
             ... on level 4 of the Dungeon.
             The game lasted 00:06:09 (3147 turns).

Hubris850 the Insei (Merfolk Gladiator)             Turns: 3147, Time: 00:06:10

Health: 0/52       AC: 11    Str: 14    XL:     7   Next: 21%
Magic:  7/7        EV: 12    Int:  9    God:
Gold:   223        SH:  0    Dex: 16    Spells: 6/6 levels left

rFire   + . .      SeeInvis .    w - +2 whip (venom)
rCold   + . .      Faith    .    (no shield)
rNeg    . . .      Spirit   .    p - +0 ring mail
rPois   +          Reflect  .    b - +0 helmet
rElec   +          Rampage  .    (no cloak)
rCorr   +                        A - +0 pair of gloves
Will    .....                    (no boots)
Stlth   +                        (no amulet)
HPRegen 0.28/turn                f - +4 ring of protection
MPRegen 0.10/turn                (no ring)

@: resistant
A: (nimble swimmer 2), mertail
a: no special abilities


You were on level 4 of the Dungeon.
You visited 1 branch of the dungeon, and saw 4 of its levels.

You collected 223 gold pieces.

Inventory:

Hand Weapons
 r - a +0 sling of freezing
 w - a +2 whip of venom (weapon)
Missiles
 c - 2 throwing nets
 d - a javelin
 l - a boomerang (quivered)
 z - 2 poisoned darts
Armour
 a - a +0 leather armour
 b - a +0 helmet (worn)
 p - a +0 ring mail (worn)
 A - a +0 pair of gloves (worn)
Jewellery
 f - a +4 ring of protection (left hand)
 g - a ring of fire
 u - the amulet "Fukh" {Regen+ MP+9 Int+2}
   (You found it on level 2 of the Dungeon)

   [amulet of regeneration]

   Int:       It affects your intelligence (+2).
   MP:        It affects your magic capacity (+9).
   Regen:     It increases your rate of health regeneration.
Scrolls
 i - 4 scrolls of teleportation {unknown}
 j - a scroll of enchant armour {unknown}
 m - a scroll of summoning {unknown}
 o - 2 scrolls of fog {unknown}
 q - a scroll of blinking {unknown}
 s - 4 scrolls of identify {unknown}
 t - a scroll of silence {unknown}
 v - a scroll of fear {unknown}
 x - a scroll of brand weapon {unknown}
 y - a scroll of immolation {unknown}
 B - a scroll of magic mapping {unknown}
 C - a scroll of poison {unknown}
 F - a scroll of acquirement {unknown}
Potions
 e - a potion of resistance
 h - a potion of flight {unknown}
 k - a potion of mutation {unknown}
 D - a potion of heal wounds {unknown}
 E - 2 potions of might {unknown}
 G - a potion of attraction {unknown}


   Skills:
 - Level 3.0 Fighting
 + Level 4.4 Throwing
 - Level 4.0 Dodging
 * Level 7.2 Unarmed Combat


You had 6 spell levels left.
You didn't know any spells.
Your spell library contained the following spells:

 Spells                   Type           Power      Damage    Failure   Level
 Magic Dart               Conj           0%         1d3       63%         1
 Summon Small Mammal      Summ           0%         N/A       63%         1
 Searing Ray              Conj           0%         2d4       77%         2
 Call Canine Familiar     Summ           0%         N/A       94%         3
 Inner Flame              Hex/Fire       0%         N/A       94%         3
 Summon Guardian Golem    Hex/Summ       0%         N/A       94%         3
 Flame Wave               Conj/Fire      0%         2d4       100%        4
 Fulminant Prism          Conj/Hex       0%         3d5       100%        4
 Sticky Flame             Conj/Fire      0%         2d3       100%        4


Dungeon Overview and Level Annotations

Branches:
Dungeon (4/15)
 Temple: D:4-7

Altars:
Cheibriados


Innate Abilities, Weirdness & Mutations

((You are very nimble when in or above water. (Stealth+, EV+, Speed+++)))
Your lower body shifts to a powerful aquatic tail in water.


Message History

The puff of flame hits you! The orc hits you but does no damage.
You hit the orc wizard.
The orc wizard is poisoned.
The orc wizard is severely wounded.
The orc wizard points at you and mumbles some strange words.
The puff of flame misses you. The orc barely misses you.
You barely miss the orc wizard.
The orc wizard is severely wounded.
The orc wizard hits you with a +0 dagger.
The orc hits you with a +4 hand axe.
The orc priest invokes the aid of Beogh against you.
Beogh smites you!
* * * LOW HITPOINT WARNING * * *
The orc hits you but does no damage.
The orc wizard hits you but does no damage.
It was a potion of resistance.
You feel protected.
The orc wizard hits you but does no damage.
The orc hits you with a +4 hand axe.
* * * LOW HITPOINT WARNING * * *
It was a potion of curing.
You feel better. The orc hits you but does no damage.
The orc wizard gestures at you while chanting.
The puff of flame hits you. You resist.
* * * LOW HITPOINT WARNING * * *
You hit the orc.
The orc is poisoned.
The orc is lightly wounded.
You kill the orc wizard!
The orc closely misses you.
You feel better.
You hit the orc priest but do no damage.
The orc priest is poisoned.
The orc hits you but does no damage. The orc priest barely misses you.
You hit the orc priest.
The orc priest looks even sicker.
The orc priest is lightly wounded.
The orc hits you with a +4 hand axe.
* * * LOW HITPOINT WARNING * * *
The orc priest grunts noisily.
The orc priest invokes the aid of Beogh against you.
Beogh smites you!
You die...

........................
......##.#..............
.......#.#.##'##........
#..###.#.#.##.........#+
##. #.#..†.........#
.#.#............#
................#+##
.#..#...##+#........
#........@#........
#..#.....oo......o.
....#.#.##.#....?...
.##.#.#.##.#........
...........#........
......#.##.#........
...........+........
..#.#.#.##.#........
....#....#..........


You could see an orc priest (very poisoned) and an orc (poisoned).

Vanquished Creatures
  Sigmund (D:2)
  An ogre (D:4)
  A phantom (D:4)
  A sleepcap (D:4)
  An iguana (D:4)
  An orc wizard (D:4)
  5 adders
  An ufetubus (D:4)
  4 dart slugs
  An orc (D:4)
  8 bats
  4 endoplasms
  4 giant cockroaches
  8 goblins
  6 hobgoblins
  7 jackals
  2 quokkas
  2 ball pythons
  A frilled lizard (D:1)
  5 kobolds
  4 rats
68 creatures vanquished.

Notes
Turn   | Place    | Note
-------+----------+-------------------------------------------
     0 | D:1      | Hubris850 the Merfolk Gladiator began the quest for the
                  | Orb.
     0 | D:1      | Reached XP level 1. HP: 16/16 MP: 1/1
   206 | D:1      | Reached XP level 2. HP: 23/23 MP: 2/2
   628 | D:1      | Reached XP level 3. HP: 28/28 MP: 3/3
   729 | D:1      | Reached skill level 4 in Unarmed Combat
  1220 | D:2      | Identified the amulet "Fukh" {Regen+ MP+9 Int+2}
  1276 | D:2      | Noticed Sigmund
  1292 | D:2      | Killed Sigmund
  1293 | D:2      | Reached skill level 5 in Unarmed Combat
  1293 | D:2      | Reached XP level 4. HP: 15/35 MP: 4/4
  1293 | D:2      | Reached XP level 5. HP: 18/41 MP: 5/5
  1975 | D:3      | Reached XP level 6. HP: 39/47 MP: 6/6
  2144 | D:3      | Reached skill level 6 in Unarmed Combat
  2736 | D:4      | Found a snail-covered altar of Cheibriados.
  3107 | D:4      | Reached skill level 7 in Unarmed Combat
  3107 | D:4      | Reached XP level 7. HP: 47/52 MP: 7/7
  3147 | D:4      | Killed from afar by an orc priest

Illustrated notes

Levels and vault maps discovered:
D:1:      dpeg_arrival_court, layout_basic, minmay_misc_feat_cross
D:2:      layout_basic, uniq_sigmund
D:3:      layout_loops_corners, fountainhead
D:4:      layout_basic, okawaru_trees_2, kennysheep_slug_shrine,
          gammafunk_temple_overflow_claw

Skill      XL: |  1  2  3  4  5  6 |
---------------+-------------------+-----
Unarmed Combat | 5 7 |  7.2
Fighting       | 3 |  3.0
Throwing       | 3 4 |  4.4
Dodging        | |  4.0

Action                     |  1- 3 |  4- 6 |  7- 9 || total
---------------------------+-------+-------+-------++-------
  Melee: Unarmed           |   133 |    13 |       ||   146
         Punch             |     2 |     1 |       ||     3
         Whip              |       |    95 |     7 ||   102
         Tailslap          |       |     1 |       ||     1
  Throw: Boomerang         |     5 |       |       ||     5
         Javelin           |     1 |       |       ||     1
         Throwing net      |     1 |       |       ||     1
    Use: Potion            |       |       |     3 ||     3
   Stab: Held in net/web   |     2 |       |       ||     2
 Armour: Leather armour    |    33 |       |       ||    33
         Ring mail         |    19 |    29 |     6 ||    54
  Dodge: Dodged            |    88 |    53 |     5 ||   146

Table legend: (Time is in decaauts)
 A = Elapsed time spent in this place.
 B = Non-inter-level travel time spent in this place.
 C = Inter-level travel time spent in this place.
 D = Time resting spent in this place.
 E = Time spent auto-exploring this place.
 F = Levels seen in this place.
 G = Mean time per level.
                   A        B        C        D        E       F      G
               +--------+--------+--------+--------+--------+-----+--------+
         Total |   3142 |   3072 |     70 |     88 |   2383 |   4 |  785.5 |
       Dungeon |   3142 |   3072 |     70 |     88 |   2383 |   4 |  785.5 |
               +--------+--------+--------+--------+--------+-----+--------+

Top non-repeatable levels by time:
     D:1: 1069 daAuts
     D:3: 822 daAuts
     D:2: 784 daAuts
     D:4: 466 daAuts
